 Dungeon Crawl Stone Soup version 0.29.0-15-g675c0067aa (webtiles) character file.

Game seed: 8296334715212103917

123 greasedhog the Trooper (level 5, 0/33 HPs)
             Began as a Gargoyle Wanderer on Sept 12, 2022.
             Killed from afar by Robin (4 damage)
             ... with a puff of flame
             ... on level 3 of the Dungeon.
             The game lasted 00:03:51 (3254 turns).

greasedhog the Trooper (Gargoyle Wanderer)          Turns: 3254, Time: 00:03:51

Health: 0/33       AC: 12    Str: 16    XL:     5   Next: 7%
Magic:  6/6        EV:  6    Int: 11    God:
Gold:   112        SH:  4    Dex: 12    Spells: 5/6 levels left

rFire   . . .      SeeInvis .   o - +0 short sword (freeze)
rCold   . . .      Faith    .   b - +0 buckler
rNeg    + . .      Spirit   .   j - +0 chain mail
rPois   ∞          Reflect  .   (no helmet)
rElec   +          Harm     .   (no cloak)
rCorr   .          Rampage  .   (no gloves)
Will    .....                   (no boots)
Stlth   ..........              (no amulet)
HPRegen 0.11/turn               l - ring of flight
MPRegen 0.10/turn               (no ring)

@: mighty, flying
A: sickness immunity, AC +4, negative energy resistance 1, electricity
resistance, torment resistance 1, petrification resistance
a: no special abilities


You were on level 3 of the Dungeon.
You visited 1 branch of the dungeon, and saw 3 of its levels.

You collected 112 gold pieces.

Inventory:

Hand Weapons
 d - a +0 club
 o - a +0 short sword of freezing (weapon)
Armour
 b - a +0 buckler (worn)
 j - a +0 chain mail (worn)
Jewellery
 l - a ring of flight (left hand)
 m - a ring of ice
Scrolls
 a - a scroll of enchant armour {unknown}
 c - 3 scrolls of vulnerability
 f - a scroll of butterflies
 g - 2 scrolls of teleportation
 h - a scroll of poison
 n - a scroll of enchant weapon {unknown}
 p - a scroll of silence {unknown}
 q - a scroll of noise {unknown}
Potions
 e - 3 potions of brilliance


   Skills:
 * Level 3.7 Fighting
 - Level 2.6 Long Blades
 * Level 2.9 Maces & Flails
 - Level 1.1 Armour
 - Level 3.4 Shields
 - Level 1.0 Spellcasting
 - Level 1.1 Conjurations


You had 5 spell levels left.
You knew the following spells:

 Your Spells              Type           Power      Damage    Failure   Level
a - Foxfire               Conj/Fire      4%         2x1d4     100%        1

Your spell library contained the following spells:

 Spells                   Type           Power      Damage    Failure   Level
 Magic Dart               Conj           8%         1d3       99%         1
 Searing Ray              Conj           4%         2d4       100%        2
 Dazzling Flash           Conj/Hex       2%         N/A       100%        3
 Cause Fear               Hex            0%         N/A       100%        4
 Fulminant Prism          Conj/Hex       0%         3d6       100%        4
 Dragon Form              Tmut           0%         N/A       100%        7
 Dragon's Call            Summ           0%         N/A       100%        9


Dungeon Overview and Level Annotations

Branches:
Dungeon (3/15)

Altars:

Annotations:
D:3 Robin


Innate Abilities, Weirdness & Mutations

You are immune to sickness and miasma.
Your stone body is resilient. (AC +4)
You are immune to poison.
You resist negative energy. (rN+)
You are resistant to electric shocks. (rElec)
You are resistant to unholy torment.
You are immune to petrification.


Message History

Robin is moderately wounded.
Robin hits you but does no damage.
You closely miss Robin.
Robin is moderately wounded.
Robin hits you but does no damage. x2
You completely miss Robin.
Robin is moderately wounded.
Robin hits you but does no damage.
You closely miss Robin.
Robin is moderately wounded.
Robin hits you with a +0 spear.
You barely miss Robin.
Robin is moderately wounded.
Robin zaps a wand.
The puff of flame hits you.
You closely miss Robin.
Robin is moderately wounded.
Robin hits you but does no damage.
You hit Robin but do no damage.
Robin is moderately wounded.
Robin zaps a wand.
The puff of flame hits you.
You hit Robin. You freeze Robin.
Robin is heavily wounded.
Robin hits you with a +0 spear.
You hit Robin. You freeze Robin.
Robin is severely wounded.
Robin zaps a wand.
The puff of flame hits you.
* * * LOW HITPOINT WARNING * * *
You hit Robin. You freeze Robin.
Robin is almost dead.
Robin hits you but does no damage.
It was a potion of might.
You feel very mighty all of a sudden.
Robin zaps a wand.
The puff of flame hits you.
* * * LOW HITPOINT WARNING * * *
It was a potion of magic.
Magic courses through your body.
Robin zaps a wand.
The puff of flame misses you.
You closely miss Robin.
Robin is almost dead.
Robin zaps a wand.
The puff of flame hits you.
You die...

###...........# #....##.###.#####
.....####.....# #....##..........
####....#.##..# #..............##
........#.##..# #..............##
...#..........# #..............##
...#....#####.###..............#.
.. #....# #.)..####..........##
.. #....# #.##g# #............ .
#..).# ####@# #..........## .
#....# #.####.....)....##
#....### #.#............<..
#......# ####.#).............#
###'##.# #...................#
#.##.###.##..#############.#
#.##.#...##..# .. #.##.#.####..#
## #.##.#.......#


You could see Robin.

Vanquished Creatures
  3 adders
  A white imp (D:3)
  2 worms (D:3)
  2 dart slugs (D:3)
  An orc (D:3)
  7 ball pythons
  4 endoplasms
  3 giant cockroaches
  12 goblins
  9 hobgoblins
  A jackal (D:3)
  2 quokkas (D:3)
  8 bats
  3 frilled lizards
  6 kobolds
  8 rats
72 creatures vanquished.

Notes
Turn   | Place    | Note
-------+----------+-------------------------------------------
     0 | D:1      | greasedhog the Gargoyle Wanderer began the quest for the
                  | Orb.
     0 | D:1      | greasedhog set off with the following items: a +2 falchion,
                  | a +0 buckler, a scroll of vulnerability, a +0 leather
                  | armour; and the following spell memorised: Foxfire; and the
                  | following spells available to memorise: Dazzling Flash.
     0 | D:1      | Reached XP level 1. HP: 12/12 MP: 2/2
   134 | D:1      | Found a faded altar of an unknown god.
   330 | D:1      | Reached XP level 2. HP: 17/17 MP: 3/3
   584 | D:1      | Reached skill level 1 in Maces & Flails
  1009 | D:1      | Reached XP level 3. HP: 22/22 MP: 4/4
  1661 | D:2      | Reached XP level 4. HP: 27/27 MP: 5/5
  3062 | D:3      | Noticed Robin
  3118 | D:3      | Reached XP level 5. HP: 25/32 MP: 6/6
  3254 | D:3      | Killed from afar by Robin

Illustrated notes

Levels and vault maps discovered:
D:1:      ncdulo_lavacross, layout_loops_corners,
          dreamdust_ecumenical_altar_hidden_monk_grotto
D:2:      layout_basic
D:3:      layout_basic, serial_shops, shop, nicolae_shop_waterfront,
          nicolae_shop_window_shopping, serial_park_tiny_1, grunt_ministairs_9,
          minmay_misc_feat_diagonals, uniq_robin

Skill      XL: |  1  2  3  4 |
---------------+-------------+-----
Fighting       | 2 3 |  3.7
Maces & Flails | 1 2 |  2.9
Long Blades    | |  2.6
Armour         | |  1.1
Shields        | |  3.4
Spellcasting   | |  1.0
Conjurations   | |  1.1

Action                   |  1- 3 |  4- 6 || total
-------------------------+-------+-------++-------
Melee: Falchion          |   108 |    10 ||   118
       Short sword       |       |   179 ||   179
  Use: Scroll            |     4 |     2 ||     6
       Potion            |       |     4 ||     4
Armor: Ring mail         |    29 |       ||    29
       Leather armour    |     2 |       ||     2
       Chain mail        |    27 |    86 ||   113
Dodge: Dodged            |    45 |    54 ||    99
Block: Buckler           |    26 |    32 ||    58
